 Dungeon Crawl Stone Soup version 0.29-a0-284-gf9362112df (webtiles) character file.

Game seed: 4314870610002662358

91 sammy202020 the Chopper (level 4, -4/41 HPs)
             Began as a Minotaur Berserker on Mar 23, 2022.
             Was a Believer of Trog.
             Slain by a gnoll
             ... wielding a +0 halberd
              (9 damage)
             ... on level 2 of the Dungeon.
             The game lasted 00:02:30 (1461 turns).

sammy202020 the Chopper (Minotaur Berserker)        Turns: 1461, Time: 00:02:32

Health: -4/41      AC:  9    Str: 22    XL:     4   Next: 33%
Magic:  3/3        EV:  8    Int:  6    God:    Trog [**....]
Gold:   73         SH:  0    Dex:  9    Spells: 3/3 levels left

rFire   . . .      SeeInvis .   a - +0 hand axe
rCold   . . .      Faith    .   (no shield)
rNeg    . . .      Spirit   .   e - +0 chain mail
rPois   .          Reflect  .   (helmet restricted)
rElec   .          Harm     .   (no cloak)
rCorr   .          Rampage  .   (no gloves)
Will    ++...                   (no boots)
Stlth   ..........              (no amulet)
HPRegen 1.13/turn               (no ring)
MPRegen 0.08/turn               (no ring)

@: strong-willed, regenerating
A: horns 2, retaliatory headbutt
a: Renounce Religion, Berserk, Trog's Hand


You were on level 2 of the Dungeon.
You worshipped Trog.
Trog was pleased with you.
You visited 1 branch of the dungeon, and saw 2 of its levels.

You collected 73 gold pieces.

Inventory:

Hand Weapons
 a - a +0 hand axe (weapon)
 g - the +4 whip of Dullness {elec, rElec rC- rN++}
   (You found it on level 2 of the Dungeon)

   It occasionally discharges a powerful burst of electricity upon striking a
   foe.
   rC:        It makes you vulnerable to cold.
   rElec:     It insulates you from electricity.
   rN:        It greatly protects you from negative energy.
Armour
 e - a +0 chain mail (worn)
Scrolls
 f - a scroll of magic mapping {unknown}
Potions
 b - a potion of flight {unknown}
 c - 3 potions of curing {unknown}
 d - a potion of attraction {unknown}
 h - a potion of brilliance {unknown}


   Skills:
 * Level 4.5 Fighting
 * Level 4.6 Axes
 * Level 3.5 Armour
 + Level 2.7 Dodging


You had 3 spell levels left.
You didn't know any spells.
Your spell library was empty.

Dungeon Overview and Level Annotations

Branches:
Dungeon (2/15)

Altars:


Innate Abilities, Weirdness & Mutations

You have a pair of horns on your head.
You reflexively headbutt those who attack you in melee.


Message History

You hit the gnoll.
The gnoll is moderately wounded.
You hit the gnoll. The gnoll barely misses you. The gnoll closely misses you.
You furiously retaliate!
You headbutt the gnoll, but do no damage.
The gnoll hits you from afar with a +0 halberd. x2
The gnoll hits you but does no damage. The gnoll hits you with a +0 flail.
Your skin crawls.
You feel strong-willed.
The gnoll hits you but does no damage. x3
You closely miss the gnoll. Your headbutt misses the gnoll. You hit the gnoll.
The gnoll barely misses you.
The gnoll hits you from afar with a +0 halberd.
The gnoll hits you but does no damage.
You barely miss the gnoll. Your headbutt misses the gnoll.
You closely miss the gnoll. The gnoll barely misses you.
The gnoll hits you but does no damage.
The gnoll hits you from afar with a +0 halberd!
You slash the gnoll!
The gnoll is severely wounded.
You closely miss the gnoll. The gnoll hits you but does no damage.
The gnoll closely misses you.
The gnoll hits you from afar with a +0 halberd!
* * * LOW HITPOINT WARNING * * *
You barely miss the gnoll.
The gnoll is severely wounded.
You closely miss the gnoll.
The gnoll hits you but does no damage. x2
The gnoll hits you with a +0 spear.
* * * LOW HITPOINT WARNING * * *
You hit the gnoll.
You kill the gnoll!
Trog accepts your kill.
You barely miss the gnoll. The gnoll completely misses you.
You slash the gnoll!
You kill the gnoll!
Trog accepts your kill.
You hit the gnoll. The gnoll hits you with a +0 whip.
* * * LOW HITPOINT WARNING * * *
The gnoll hits you from afar with a +0 halberd!
You die...

#############
...........>#
########.####
.........#
##################
.................#
...###.#.#######@#
.#.#.#.#.#.....g)#
.+...#.#.#.####.g#
.#.#.#.#)# #.<#
.......#.# ##.#
...#.#..<# ...
.†.#.#.#.# #.#
...#.#.#.# #.#
#......#.#


You could see 2 gnolls.

Vanquished Creatures
  2 adders (D:2)
  2 gnolls (D:2)
  4 ball pythons
  4 bats
  5 endoplasms (D:1)
  A giant cockroach (D:1)
  5 goblins
  6 hobgoblins
  12 jackals
  6 kobolds
  A quokka (D:2)
  2 frilled lizards (D:1)
  4 rats
54 creatures vanquished.

Notes
Turn   | Place    | Note
-------+----------+-------------------------------------------
     0 | D:1      | sammy202020 the Minotaur Berserker began the quest for the
                  | Orb.
     0 | D:1      | Reached XP level 1. HP: 19/19 MP: 0/0
    42 | D:1      | Found a faded altar of an unknown god.
   194 | D:1      | Reached XP level 2. HP: 25/27 MP: 1/1
   665 | D:1      | Reached XP level 3. HP: 31/33 MP: 2/2
   677 | D:1      | Reached ** piety under Trog
  1234 | D:2      | Identified the +4 whip of Dullness {elec, rElec rC- rN++}
  1337 | D:2      | Reached XP level 4. HP: 40/41 MP: 3/3
  1461 | D:2      | Slain by a gnoll

Illustrated notes

Levels and vault maps discovered:
D:1:      amcnicky_arrival_choice, layout_loops_ring,
          hellmonk_ecumenical_altar_leap_of_faith, minmay_bisected
D:2:      layout_basic

Skill      XL: |  1  2 |
---------------+-------+-----
Axes           | 4 |  4.6
Fighting       | 4 |  4.5
Armour         | 3 |  3.5
Dodging        | |  2.7

Action                   |  1- 3 |  4- 6 || total
-------------------------+-------+-------++-------
Melee: Hand axe          |   129 |    14 ||   143
       Headbutt          |    16 |     4 ||    20
       Punch             |     1 |       ||     1
Invok: Trog's Hand       |       |     1 ||     1
  Use: Scroll            |     1 |       ||     1
Armor: Leather armour    |     9 |       ||     9
       Chain mail        |    84 |    13 ||    97
Dodge: Dodged            |    54 |    11 ||    65

Table legend: (Time is in decaauts)
 A = Elapsed time spent in this place.
 B = Non-inter-level travel time spent in this place.
 C = Inter-level travel time spent in this place.
 D = Time resting spent in this place.
 E = Time spent auto-exploring this place.
 F = Levels seen in this place.
 G = Mean time per level.
                   A        B        C        D        E       F      G
               +--------+--------+--------+--------+--------+-----+--------+
         Total |   1473 |   1473 |      0 |      0 |   1116 |   2 |  736.5 |
       Dungeon |   1473 |   1473 |      0 |      0 |   1116 |   2 |  736.5 |
               +--------+--------+--------+--------+--------+-----+--------+

Top non-repeatable levels by time:
     D:1: 1108 daAuts
     D:2: 365 daAuts
